 Dungeon Crawl Stone Soup version 0.23.1 (console) character file.

Game seed: 2803216056131026466

723 fly the Conjurer (level 7, -3/59 HPs)
             Began as an Ogre Fire Elementalist on Mar 13, 2019.
             Slain by a centaur (10 damage)
             ... on level 5 of the Dungeon.
             The game lasted 00:09:41 (4383 turns).

fly the Conjurer (Ogre Fire Elementalist)           Turns: 4383, Time: 00:09:42

Health: -3/59      AC:  4    Str: 13    XL:     7   Next: 71%
Magic:  10/11      EV: 10    Int: 19    God:
Gold:   264        SH:  0    Dex: 11    Spells: 0/12 levels left

rFire    + + .     SeeInvis .   a - +2 flail (venom)
rCold    x . .     Gourm    .   (no shield)
rNeg     . . .     Faith    .   Y - +1 robe {rF+}
rPois    .         Spirit   .   (helmet restricted)
rElec    .         Reflect  .   (no cloak)
rCorr    .         Harm     .   (gloves unavailable)
MR       .....                  (boots unavailable)
Stlth    ++........             b - amulet of magic regeneration
HPRegen  0.19/turn              t - ring of fire
MPRegen  0.37/turn              h - +3 ring of intelligence

@: no status effects
A: large, unfitting armour, tough skin 1
a: no special abilities


You were on level 5 of the Dungeon.
You were not hungry.

You visited 1 branch of the dungeon, and saw 5 of its levels.

You collected 264 gold pieces.

Inventory:

Hand Weapons
 a - a +2 flail of venom (weapon)
Armour
 y - the +5 robe of Night {Dark MR+ SInv}
   (You found it on level 3 of the Dungeon)

   It affects your resistance to hostile enchantments.
   It lets you see invisible.
 Y - a +1 robe of fire resistance (worn)
Magical Staves
 v - an uncursed staff of poison
Jewellery
 b - an amulet of magic regeneration (around neck)
 d - a +6 ring of dexterity
 h - a +3 ring of intelligence (right hand)
 t - a ring of fire (left hand)
Wands
 k - a wand of flame (19)
Scrolls
 g - 2 scrolls of fear {unknown}
 i - 3 scrolls of amnesia {unknown}
 j - 2 scrolls of magic mapping {unknown}
 l - 3 scrolls of identify {unknown}
 m - 2 scrolls of remove curse {unknown}
 n - a scroll of enchant armour {unknown}
 o - a scroll of teleportation {unknown}
 p - a scroll of immolation {unknown}
Potions
 e - a potion of cancellation {unknown}
 f - 2 potions of flight {unknown}
 q - 2 potions of curing {unknown}
 r - a potion of ambrosia {unknown}
 s - a potion of haste {unknown}
 x - a potion of agility {unknown}
Miscellaneous
 u - a box of beasts
Comestibles
 c - 12 rations


   Skills:
 - Level 3.0 Dodging
 - Level 1.4 Stealth
 - Level 3.0 Spellcasting
 - Level 6.1 Conjurations
 + Level 4.2 Fire Magic


You couldn't memorise any spells.
You knew the following spells:

 Your Spells              Type           Power        Failure   Level  Hunger
c - Conjure Flame         Conj/Fire      ####....     5%          3    ###....
n - Inner Flame           Hex/Fire       ###.....     19%         3    ###....
t - Fireball              Conj/Fire      ####......   45%         5    ######.
z - Flame Tongue          Conj/Fire      ####.        1%          1    None

Your spell library contained the following spells:

 Spells                   Type           Power        Failure   Level  Hunger
 Throw Flame              Conj/Fire      ####..       2%          2    ##.....
 Sticky Flame             Conj/Fire      ####....     19%         4    ####...


Dungeon Overview and Level Annotations

Branches:
Dungeon (5/15)
 Temple: D:4-7

Altars:
Kikubaaqudgha
Qazlal
Yredelemnul


Innate Abilities, Weirdness & Mutations

You are too large for most types of armour.
You have tough skin. (AC +1)


Message History

Aim: a centaur, wielding a +0 shortbow You feel a surge of power!
The flame tongue hits the centaur.
The centaur is lightly wounded.
The centaur shoots an arrow.
The arrow hits you.
Unknown command.
The centaur shoots an arrow.
The arrow hits you.
The centaur shoots an arrow.
The arrow barely misses you.
You see here an arrow.
The bullfrog skeleton barely misses you.
You sock the centaur!
The centaur is poisoned.
The centaur is moderately wounded.
The centaur unwields a +0 shortbow.
The centaur hits you!
The bullfrog skeleton hits you but does no damage.
The centaur hits you!
* * * LOW HITPOINT WARNING * * *
The bullfrog skeleton hits you but does no damage.
The centaur hits you.
* * * LOW HITPOINT WARNING * * *
The centaur hits you!
You die...

###.....##.###..#
#....#'###.###+##
#....#...#......#
#....#...'......#
#....############
##.(...# #.(...+
#.....# #.c@..#
......Z..##
.........+
..........#
..........#
...##+###.. ...
... ...


You could see a centaur and a bullfrog skeleton.

Vanquished Creatures
  Menkaure (D:3)
  An ogre (D:4)
  A howler monkey (D:4)
  2 crimson imps
  2 hounds (D:4)
  An orc priest (D:3)
  3 worker ants (D:4)
  A hound zombie (D:3)
  A hound skeleton (D:3)
  7 adders
  4 gnolls (D:4)
  An ooze (D:1)
  An adder skeleton (D:4)
  4 worms
  3 dart slugs
  4 leopard geckos
  4 orcs (D:4)
  3 ball pythons
  A giant cockroach (D:3)
  6 goblins
  5 hobgoblins
  11 jackals
  8 kobolds
  8 bats
  4 frilled lizards
  A giant cockroach zombie (D:3)
  9 rats
97 creatures vanquished.

Notes
Turn   | Place    | Note
-------+----------+-------------------------------------------
     0 | D:1      | fly the Ogre Fire Elementalist began the quest for the Orb.
     0 | D:1      | Reached XP level 1. HP: 16/16 MP: 3/3
    29 | D:1      | Reached skill level 1 in Conjurations
    92 | D:1      | Reached XP level 2. HP: 9/24 MP: 1/5
   696 | D:1      | Reached XP level 3. HP: 22/31 MP: 4/7
  1162 | D:2      | Reached skill level 2 in Conjurations
  1252 | D:2      | Reached XP level 4. HP: 39/39 MP: 2/8
  1282 | D:2      | Learned a level 3 spell: Conjure Flame
  1286 | D:2      | Learned a level 3 spell: Inner Flame
  2053 | D:3      | Reached XP level 5. HP: 45/45 MP: 7/9
  2125 | D:4      | Reached skill level 3 in Conjurations
  2189 | D:4      | HP: 2/45 [poisoned by an orc]
  2657 | D:3      | Found a stormy altar of Qazlal.
  2681 | D:3      | Found a basalt altar of Yredelemnul.
  2683 | D:3      | Found a transporter.
  2687 | D:3      | Noticed Menkaure
  2693 | D:3      | Found the +5 robe of Night {Dark MR+ SInv}
  2693 | D:3      | Found an ancient bone altar of Kikubaaqudgha.
  2696 | D:3      | Found a transporter.
  2855 | D:3      | Reached skill level 4 in Conjurations
  2964 | D:3      | Reached XP level 6. HP: 7/53 MP: 8/10
  3295 | D:3      | Killed Menkaure
  3295 | D:3      | Reached skill level 5 in Conjurations
  3435 | D:4      | Reached XP level 7. HP: 58/59 MP: 9/11
  3786 | D:4      | Reached skill level 6 in Conjurations
  3879 | D:4      | Learned a level 5 spell: Fireball
  4357 | D:5      | Entered Level 5 of the Dungeon
  4383 | D:5      | Slain by a centaur

Skill      XL: |  1  2  3  4  5  6  7 |
---------------+----------------------+-----
Conjurations   | 1 2 4 5 6 |  6.1
Dodging        | 2 3 |  3.0
Fire Magic     | 3 4 |  4.2
Spellcasting   | 3 |  3.0
Stealth        | |  1.4

Action                   |  1- 3 |  4- 6 |  7- 9 || total
-------------------------+-------+-------+-------++-------
Melee: Unarmed           |    18 |     5 |       ||    23
       Flail             |       |    20 |    15 ||    35
 Cast: Flame Tongue      |    86 |    86 |    38 ||   210
       Inner Flame       |       |       |     2 ||     2
       Conjure Flame     |       |       |     1 ||     1
Evoke: Wand              |       |     3 |     2 ||     5
  Eat: Chunk             |     1 |     5 |     2 ||     8
       Ration            |       |       |     1 ||     1
Armor: Robe              |    14 |    25 |    19 ||    58
Dodge: Dodged            |    44 |    73 |    29 ||   146
